 Dungeon Crawl Stone Soup version 0.21-a0-361-g4efd3f9 (webtiles) character file.

30 Dfrag the Firebug (level 3, 24/24 HPs)
             Began as a Demonspawn Fire Elementalist on Oct 13, 2017.
             Quit the game on level 2 of the Dungeon.
             The game lasted 00:01:04 (862 turns).

Dfrag the Firebug (Demonspawn Fire Elementalist)     Turns: 862, Time: 00:01:05

Health: 24/24      AC:  2    Str:  8    XL:     3   Next: 5%
Magic:  6/6        EV: 12    Int: 17    God:
Gold:   66         SH:  0    Dex: 15    Spells: 6/7 levels left

rFire    . . .     SeeInvis .   n - -1 whip (curse)
rCold    . . .     Gourm    .   (no shield)
rNeg     . . .     Faith    .   m - +0 robe (curse)
rPois    .         Spirit   .   (no helmet)
rElec    .         Reflect  .   (no cloak)
rCorr    +         Harm     .   (no gloves)
MR       .....                  (no boots)
Stlth    ++........             (no amulet)
HPRegen  0.08/turn              o - ring of resist corrosion
MPRegen  0.10/turn              (no ring)

@: no status effects
A: thin skeletal structure 1, demonic guardian 1
a: no special abilities


You were on level 2 of the Dungeon.
You were not hungry.

You visited 1 branch of the dungeon, and saw 2 of its levels.

You collected 66 gold pieces.

Inventory:

Hand Weapons
 k - a +0 club
 n - a cursed -1 whip (weapon)
Armour
 a - a +0 robe
 m - a cursed +0 robe (worn)
Jewellery
 o - a ring of resist corrosion (left hand)
Scrolls
 d - 2 scrolls of remove curse {unknown}
 e - 2 scrolls of teleportation {unknown}
 f - a scroll of enchant armour {unknown}
 g - 2 scrolls of identify {unknown}
Potions
 h - 2 potions of flight {unknown}
 j - a potion of haste {unknown}
 l - a potion of curing {unknown}
 p - a potion of ambrosia {unknown}
Books
 b - a book of Flames

   Spells                             Type                      Level
   a - Flame Tongue                   Conjuration/Fire             1
   b - Throw Flame                    Conjuration/Fire             2
   c - Conjure Flame                  Conjuration/Fire             3
   d - Inner Flame                    Hexes/Fire                   3
   e - Sticky Flame                   Conjuration/Fire             4
   f - Fireball                       Conjuration/Fire             5
Comestibles
 c - a bread ration
 i - 4 fruits
 q - a royal jelly


   Skills:
 - Level 1.7 Dodging
 - Level 1.7 Stealth
 + Level 2.5 Spellcasting
 + Level 1.9 Conjurations
 + Level 3.1 Fire Magic


You had 6 spell levels left.
You knew the following spells:

 Your Spells              Type           Power        Failure   Level  Hunger
a - Flame Tongue          Conj/Fire      ##...        7%          1    #......


Dungeon Overview and Level Annotations

Branches:
Dungeon (2/15)

Altars:


Innate Abilities, Weirdness & Mutations

You have a somewhat thin skeletal structure. (Dex +2, Stealth)
A weak demonic guardian rushes to your aid.


Message History

The ooze is almost dead.
The ooze hits you.
* * * LOW HITPOINT WARNING * * *
Casting: Flame Tongue
Confirm with . or Enter, or press ? or * to list all spells.
Aiming: Flame Tongue
Press: ? - help, Shift-Dir - straight line, f/p - ooze
Aim: an ooze (almost dead)
The flame tongue hits the ooze.
You kill the ooze!
You have reached level 3!
Your experience leads to an increase in your attributes!
Increase (S)trength, (I)ntelligence, or (D)exterity?
You feel clever.
Your demonic ancestry asserts itself...
Your bones become slightly less dense.
You start resting.
Magic restored.
You start resting.
HP restored.
Are you sure you want to abandon this character and quit the game? (Confirm with "yes".)

### ...# #..##
...########
....##.........#
#.............#
#............# .
##....((......###...
#...................
##.........# ##
###........@.#
..####...##........#
..........#)##.###.#
###.##....#.#....
...
#.##....#.#.....####
#.......#.#.....#
###.....#.#......#
#......#.#.....?#
####.#........


There were no monsters in sight!

Vanquished Creatures
  2 oozes (D:2)
  A dart slug (D:1)
  2 bats (D:1)
  2 giant cockroaches
  2 goblins (D:2)
  A hobgoblin (D:1)
  A frilled lizard (D:1)
  3 kobolds
  7 rats
21 creatures vanquished.

Notes
Turn   | Place    | Note
-------+----------+-------------------------------------------
     0 | D:1      | Dfrag the Demonspawn Fire Elementalist began the quest for the Orb.
     0 | D:1      | Reached XP level 1. HP: 13/13 MP: 3/3
     1 | D:1      | Noticed an electric eel
   210 | D:1      | Gained mutation: A weak demonic guardian rushes to your aid. [demonic ancestry]
   210 | D:1      | Reached XP level 2. HP: 18/19 MP: 0/5
   503 | D:2      | Reached skill level 3 in Fire Magic
   621 | D:2      | Gained mutation: You have a somewhat thin skeletal structure. (Dex +2, Stealth) [demonic ancestry]
   621 | D:2      | Reached XP level 3. HP: 4/24 MP: 0/6
   862 | D:2      | Quit the game

Vault maps used:
D:1:      arrival_aquarium_a, grunt_decor_one_mirror, minivault_23,
          hangedman_abyss_or_decor_stabs
D:2:      eat_drink_and_be_merry_uskayaw, minmay_misc_feat_iff, hex_tiny

Skill      XL: |  1  2 |
---------------+-------+-----
Fire Magic     | 3 |  3.1
Dodging        | |  1.7
Stealth        | |  1.7
Spellcasting   | |  2.5
Conjurations   | |  1.9

Action                   || total
-------------------------++-------
Melee: Unarmed           ||     9
       Club              ||     2
       Whip              ||    15
 Cast: Flame Tongue      ||    31
Armor: Robe              ||    15
Dodge: Dodged            ||    37

Table legend:
 A = Spawn XP
 B = Non-spawn XP
 C = Spawn XP percentage of total XP
 D = Spawn monster count
 E = Non-spawn monster count
 F = Spawn count percentage of total count
 G = Total turns spent on level
                    A         B        C        D         E        F      G
               +---------+---------+-------+---------+---------+-------+---------
         Total |       0 |      44 |   0.0 |       0 |      21 |   0.0 |   862
               +---------+---------+-------+---------+---------+-------+---------
           D:1 |       0 |      20 |   0.0 |       0 |      13 |   0.0 |   485
           D:2 |       0 |      24 |   0.0 |       0 |       8 |   0.0 |   377
               +---------+---------+-------+---------+---------+-------+---------
